 Dungeon Crawl Stone Soup version 0.30.1-3-gfc49f6343a (webtiles) character file.

Game seed: 5062660202082525640

2455 sampeng1 the Cleaver (level 9, -3/74 (82) HPs)
             Began as a Hill Orc Fighter on July 29, 2023.
             Was an Initiate of Beogh.
             Slain by a wight
             ... wielding a +3 halberd
              (6 damage)
             ... on level 6 of the Dungeon.
             The game lasted 00:16:56 (4472 turns).

sampeng1 the Cleaver (Hill Orc Fighter)             Turns: 4472, Time: 00:16:56

HP:   -3/74 (82)    AC: 14    Str: 23    XL:     9   Next: 50%
MP:   0/0           EV: 10    Int: 11    God:    Beogh [......]
Gold: 262           SH: 10    Dex: 10    Spells: 8/8 levels left

rFire   . . .        a - +0 war axe (venom)
rCold   . . .        c - +0 buckler
rNeg    . . .        e - +5 ring mail of Dyspraxia {rElec MP-9 Int+3}
rPois   +            (no helmet)
rElec   +            r - +1 cloak {rCorr}
rCorr   +            (no gloves)
SInv    .            (no boots)
Will    .....        m - amulet of reflection Stlth
                     q - ring of poison resistance
HPRegen 0.32/turn    (no ring)
MPRegen 0.07/turn

%: reflection
@: drained
A: hooves 1
a: Renounce Religion


You were on level 6 of the Dungeon.
You worshipped Beogh.
Beogh was noncommittal.
You visited 1 branch of the dungeon, and saw 6 of its levels.

You collected 262 gold pieces.

Inventory:

Hand Weapons
 a - a +0 war axe of venom (weapon)
Missiles
 g - 3 boomerangs
 h - 12 poisoned darts (quivered)
 s - 4 javelins
Armour
 c - a +0 buckler (worn)
 e - the +5 ring mail of Dyspraxia (worn) {rElec MP-9 Int+3}
   (You found it on level 3 of the Dungeon)

   Int:       It affects your intelligence (+3).
   rElec:     It insulates you from electricity.
   MP:        It affects your magic capacity (-9).
 k - a +0 chain mail
 r - a +1 cloak of preservation (worn)
Jewellery
 m - an amulet of reflection (around neck)
 q - a ring of poison resistance (left hand)
Wands
 d - a wand of iceblast (8)
Scrolls
 b - a scroll of fear
 j - 5 scrolls of poison
 n - a scroll of enchant armour
 o - a scroll of blinking
Potions
 f - 2 potions of curing
 i - a potion of lignification
 l - a potion of haste
 p - 2 potions of attraction {unknown}


   Skills:
 + Level 8.3 Fighting
 + Level 8.5 Axes
 + Level 7.6 Armour
 + Level 7.7 Shields


You had 8 spell levels left.
You didn't know any spells.
Your spell library contained the following spells:

 Spells                   Type           Power      Damage    Failure   Level
 Blink                    Tloc           0%         N/A       67%         2
 Lesser Beckoning         Tloc           0%         N/A       67%         2
 Momentum Strike          Conj/Tloc      0%         3d8       67%         2
 Conjure Ball Lightning   Conj/Air       0%         3x3d6     100%        6
 Discord                  Hex            0%         N/A       100%        8
 Disjunction              Tloc           0%         N/A       100%        8


Dungeon Overview and Level Annotations

Branches:
Dungeon (6/15)             Temple (0/1) D:5

Altars:

Shops:
D:4 (


Innate Abilities, Weirdness & Mutations

You have large cloven feet.


Message History

You closely miss the iguana. You block the wight's attack.
The iguana bites you but does no damage.
You hit the iguana but do no damage.
The iguana is poisoned.
Your kick misses the iguana.
The wight hits you from afar with a +3 halberd!
* * * LOW HITPOINT WARNING * * *
The iguana bites you but does no damage.
You barely miss the iguana. You kick the iguana.
The iguana is lightly wounded.
The wight barely misses you. The iguana bites you.
* * * LOW HITPOINT WARNING * * *
You hit the iguana but do no damage. You kick the iguana, but do no damage.
The iguana is moderately wounded.
The wight hits you from afar with a +3 halberd!
* * * LOW HITPOINT WARNING * * *
You feel drained.
* * * LOW HITPOINT WARNING * * *
The iguana bites you!
* * * LOW HITPOINT WARNING * * *
You closely miss the iguana. You kick the iguana.
The iguana is severely wounded.
The wight barely misses you. You block the iguana's attack.
You slash the iguana!
You kill the iguana!
Beogh accepts your kill. You block the wight's attack.
The wight hits you but does no damage.
Okay, then.
You are too injured to fight recklessly!
Okay, then.
You hit the scorpion but do no damage.
The scorpion is poisoned.
Your kick misses the scorpion.
The scorpion stings you but does no damage.
You block the scorpion's attack. You block the wight's attack.
You hit the scorpion.
The scorpion looks as sick as possible!
The scorpion is severely wounded.
You kill the scorpion!
Beogh accepts your kill. You block the wight's attack.
The wight hits you with a +3 halberd.
You die...

.........
.........
#........
#........
#........
#........
#†z......
####@####+#
#.........#
#(###.....#
# #.....#
#.....#
#.....#
#.....#
#.....#
#.....#


You could see a wight.

Vanquished Creatures
  2 kobold demonologists (D:6)
  Grinder (D:4)
  Menkaure (D:4)
  A black bear (D:4)
  An ice beast (D:6)
  An ogre (D:5)
  A phantom (D:6)
  2 kobold brigands (D:6)
  5 scorpions
  3 wights (D:6)
  2 hounds
  A jelly (D:5)
  A gnoll bouda (D:4)
  Crazy Yiuf (D:4)
  10 iguanas
  3 orc wizards
  Terence (D:2)
  5 gnolls (D:4)
  3 adders
  A white imp (D:6)
  An ufetubus (D:4)
  5 worms
  8 dart slugs
  9 orcs
  9 ball pythons
  6 bats
  9 endoplasms
  7 goblins
  6 hobgoblins
  2 jackals (D:1)
  A quokka (D:1)
  4 frilled lizards
  15 kobolds
  7 rats
135 creatures vanquished.

Notes
Turn   | Place    | Note
-------+----------+-------------------------------------------
     0 | D:1      | sampeng1 the Hill Orc Fighter began the quest for the Orb.
     0 | D:1      | Reached XP level 1. HP: 19/19 MP: 1/1
    22 | D:1      | Reached XP level 2. HP: 22/27 MP: 2/2
   262 | D:1      | Reached XP level 3. HP: 33/33 MP: 3/3
  1017 | D:2      | Noticed Terence
  1029 | D:2      | Killed Terence
  1030 | D:2      | Reached XP level 4. HP: 34/40 MP: 4/4
  1242 | D:2      | Found a faded altar of an unknown god.
  1773 | D:3      | Reached XP level 5. HP: 44/47 MP: 5/5
  2418 | D:3      | Identified the +5 ring mail of Dyspraxia {rElec MP-9 Int+3}
  2648 | D:4      | Noticed Grinder
  2655 | D:4      | Paralysed by Grinder for 2 turns
  2664 | D:4      | Killed Grinder
  2665 | D:4      | Reached skill level 5 in Fighting
  2665 | D:4      | Reached skill level 5 in Axes
  2665 | D:4      | Reached XP level 6. HP: 22/56 MP: 0/6
  2821 | D:4      | Reached skill level 5 in Armour
  2821 | D:4      | Reached skill level 5 in Shields
  2904 | D:4      | Found a transporter.
  2906 | D:4      | Found Mumyeloo's Weapon Shoppe.
  2908 | D:4      | Found a transporter.
  2930 | D:4      | Reached XP level 7. HP: 49/61 MP: 0/7
  3520 | D:4      | Noticed Menkaure
  3529 | D:4      | Killed Menkaure
  3530 | D:4      | Reached XP level 8. HP: 20/71 MP: 0/8
  3702 | D:4      | Found a runed translucent door.
  3703 | D:4      | Noticed Crazy Yiuf
  3713 | D:4      | Killed Crazy Yiuf
  3788 | D:5      | Entered Level 5 of the Dungeon
  4096 | D:5      | Became a worshipper of Beogh the Brigand
  4105 | D:5      | Found a staircase to the Ecumenical Temple.
  4257 | D:6      | Noticed a kobold demonologist
  4262 | D:6      | Noticed a kobold demonologist
  4263 | D:6      | Noticed a smoke demon
  4278 | D:6      | Noticed a sun demon
  4282 | D:6      | Killed a kobold demonologist
  4283 | D:6      | Reached XP level 9. HP: 70/80 MP: 0/9
  4288 | D:6      | Gained mutation: You have large cloven feet. [a neqoxec]
  4289 | D:6      | Killed a kobold demonologist
  4467 | D:6      | HP: 1/72 [iguana (9)]
  4472 | D:6      | Slain by a wight

Illustrated notes

Levels and vault maps discovered:
D:1:      dpeg_arrival_rooms_with_view, layout_loops_ring,
          minmay_tree_intersection, minmay_unequal
D:2:      layout_basic, basic_ecumenical_altar, interstate_on_off,
          grunt_ministairs_9, minmay_parallelograms, corexii_shack, uniq_terence
D:3:      kb_forest_paths, layout_basic, nicolae_overflow_hidden_temple,
          chequers_garden
D:4:      layout_loops_ring, serial_shops, nicolae_shop_drivethru,
          uniq_crazy_yiuf_cottage, uniq_grinder, uniq_menkaure
D:5:      layout_rooms, minmay_temple_entry_tees
D:6:      layout_basic

Skill      XL: |  1  2  3  4  5  6  7  8  9 |
---------------+----------------------------+-----
Axes           | 3 4 5 6 7 8 |  8.5
Fighting       | 4 5 6 7 8 |  8.3
Armour         | 4 5 7 |  7.6
Shields        | 4 5 7 |  7.7

Action                     |  1- 3 |  4- 6 |  7- 9 || total
---------------------------+-------+-------+-------++-------
  Melee: War axe           |    87 |   131 |   153 ||   371
         Kick              |       |       |     9 ||     9
 Invoke: Convert to Beogh  |       |       |     1 ||     1
    Use: Scroll            |       |     8 |     1 ||     9
         Potion            |       |     1 |     9 ||    10
 Armour: Scale mail        |    42 |       |       ||    42
         Chain mail        |       |    53 |       ||    53
         Ring mail         |       |    10 |    59 ||    69
  Dodge: Dodged            |    44 |    49 |    80 ||   173
  Block: Buckler           |    20 |    31 |    83 ||   134
         Reflection        |       |       |     3 ||     3
